 Dungeon Crawl Stone Soup version 0.31.0-11-ge490571c62 (console) character file.

Game seed: 12369173891539378616

10 zenocrate the Sneak (level 2, 16/16 HPs)
             Began as a Felid Delver on Feb 1, 2024.
             Quit the game on level 4 of the Dungeon.
             The game lasted 00:00:25 (122 turns).

zenocrate the Sneak (Felid Delver)                   Turns: 122, Time: 00:00:25

Health: 16/16      AC:  1    Str:  8    XL:     2   Next: 10%
Magic:  3/3        EV: 18    Int: 13    God:
Gold:   25         SH:  0    Dex: 17    Spells: 1/1 levels left
                                        Lives:  0   Deaths: 1

rFire   . .          .
                       - Unarmed
rCold   . . .        (shield unavailable)
rNeg    . . .        (body armour unavailable)
rPois   .            (helmet unavailable)
rElec   .            (cloak unavailable)
rCorr   .            (gloves unavailable)
SInv    +            (boots unavailable)
Will    .....        (no amulet)
Stlth   ++++         (no ring)
HPRegen 0.22/turn    (no ring)
MPRegen 0.08/turn

%: no passive effects
@: no status effects
A: very small, claws 1, fangs 3, see invisible, shaggy fur 1, stealthy paws, no
weapons or thrown items, no armour, multi-lived
a: no special abilities


You were on level 4 of the Dungeon.
You visited 1 branch of the dungeon, and saw 2 of its levels.

You collected 25 gold pieces.

Inventory:

Wands
 e - a wand of digging (3)
Scrolls
 a - a scroll of fog
 b - a scroll of revelation
 c - a scroll of fear
 f - a scroll of teleportation {unknown}
Potions
 d - a potion of haste


   Skills:
 - Level 3.0 Fighting
 + Level 3.0 Dodging
 + Level 6.7 Stealth
 + Level 2.2 Unarmed Combat
 + Level 0.8 Evocations


You had one spell level left.
You didn't know any spells.
Your spell library was empty.

Dungeon Overview and Level Annotations

Branches:
Dungeon (5/15)
 Temple: D:4-7

Altars:


Innate Abilities, Weirdness & Mutations

You have sharp claws.
You have razor-sharp teeth.
You have supernaturally acute eyesight. (SInv)
You are covered in fur. (AC +1)
Your paws help you pounce on unaware monsters.
You are incapable of wielding weapons or throwing items.
You cannot wear armour.
You gain extra lives every three experience levels.


Message History

The jackal bites you. x2
You barely miss the jackal.
The jackal is severely wounded.
The jackal misses you. x3
The endoplasm quivers.
You scratch the jackal.
You kill the jackal!
The jackal barely misses you. The jackal misses you.
The jackal completely misses you. The jackal misses you.
You have reached level 2!
You completely miss the jackal. The jackal barely misses you. x2
You scratch the jackal.
The jackal is moderately wounded.
The jackal barely misses you.
The jackal bites you but does no damage.
The jackal completely misses you. The jackal misses you.
You scratch the jackal but do no damage.
The jackal closely misses you. x2
The jackal closely misses you. The endoplasm hits you.
The jackal completely misses you.
You scratch the jackal. Your bite misses the jackal.
The jackal is heavily wounded.
The jackal completely misses you. The endoplasm freezes you.
You are frozen.
The jackal barely misses you. x2
You scratch the endoplasm.
You kill the endoplasm!
The jackal bites you but does no damage.
The jackal bites you. The hobgoblin hits you.
You are too injured to fight recklessly!
Unknown command.
The jackal bites you.
* * * LOW HITPOINT WARNING * * *
Unknown command.
You scratch the hobgoblin.
The hobgoblin is heavily wounded.
The jackal misses you. x2; The hobgoblin hits you.
You die...
The jackal closely misses you.
You rejoin the land of the living...
Found a robe.
Are you sure you want to abandon this character and quit the game? (Confirm with "yes".)

######
#....#
#....#
#....#
#....###...
#..@.......
#.....##...
#.....#
#......#
...##..#
.... ...
##### ..[.
.....


There were no monsters in sight!

Vanquished Creatures
  A ribbon worm (D:5)
  A ball python (D:4)
  2 endoplasms (D:4)
  A hobgoblin (D:4)
  A jackal (D:4)
6 creatures vanquished.

Notes
Turn   | Place    | Note
-------+----------+-------------------------------------------
     0 | D:5      | zenocrate the Felid Delver began the quest for the Orb.
     0 | D:5      | Reached XP level 1. HP: 12/12 MP: 2/2
   113 | D:4      | Reached XP level 2. HP: 12/16 MP: 3/3
   121 | D:4      | Slain by a hobgoblin
   121 | D:4      | Lost a life (0 lives remaining)
   122 | D:4      | Quit the game

Illustrated notes

Levels and vault maps discovered:
D:4:      layout_rooms, mainiacjoe_overflow_brackets,
          minmay_temple_entry_from_below_a, serial_shops,
          nicolae_shop_bloodbath_and_beyond
D:5:      layout_basic, kennysheep_slug_shrine, dreamdust_mushroom_princess,
          uniq_eustachio

Skill      XL: |  1 |
---------------+----+-----
Dodging        | 3 |  3.0
Fighting       | |  3.0
Stealth        | |  6.7
Unarmed Combat | |  2.2
Evocations     | |  0.8

Action                     || total
---------------------------++-------
  Melee: Unarmed           ||    19
         Bite              ||     4
   Stab: Sleeping          ||     2
 Armour: Skin              ||    10
  Dodge: Dodged            ||    29
